 Dungeon Crawl Stone Soup version 0.29.0-13-gc9e81de378 (webtiles) character file.

Game seed: 3991319388539406006

0 Ofeo the Firebug (level 1, 0/14 HPs)
             Began as a Meteoran Fire Elementalist on Sept 9, 2022.
             Slain by an orc
             ... wielding a +0 hand axe
              (7 damage)
             ... on level 3 of the Dungeon.
             The game lasted 00:00:34 (79 turns).

Ofeo the Firebug (Meteoran Fire Elementalist)         Turns: 79, Time: 00:00:34

Health: 0/14       AC:  2    Str:  9    XL:     1   Next: 0%
Magic:  1/5        EV: 12    Int: 16    God:
Gold:   13         SH:  0    Dex: 14    Spells: 4/5 levels left

rFire   . . .      SeeInvis .   (no weapon)
rCold   . . .      Faith    .   (no shield)
rNeg    . . .      Spirit   .   a - +0 robe
rPois   .          Reflect  .   (no helmet)
rElec   .          Harm     .   (no cloak)
rCorr   .          Rampage  .   (no gloves)
Will    .....                   (no boots)
Stlth   +.........              (no amulet)
HPRegen 0.04/turn               (no ring)
MPRegen 0.09/turn               (no ring)

@: glowing
A: sense surroundings 1, otherworldly, glowing, explore regen
a: no special abilities


You were on level 3 of the Dungeon.
You visited 1 branch of the dungeon, and saw 3 of its levels.

You collected 13 gold pieces.

Inventory:

Armour
 a - a +0 robe (worn)
Potions
 b - a potion of magic


   Skills:
 + Level 2.4 Dodging
 + Level 1.4 Stealth
 + Level 2.6 Spellcasting
 + Level 1.2 Conjurations
 + Level 3.6 Fire Magic


You had 4 spell levels left.
You knew the following spells:

 Your Spells              Type           Power      Damage    Failure   Level
a - Foxfire               Conj/Fire      36%        2x1d5     7%          1

Your spell library contained the following spells:

 Spells                   Type           Power      Damage    Failure   Level
 Scorch                   Fire           26%        2d6       7%          2
 Conjure Flame            Conj/Fire      9%         6-21      22%         3
 Inner Flame              Hex/Fire       7%         N/A       28%         3
 Flame Wave               Conj/Fire      9%         2d6       56%         4


Dungeon Overview and Level Annotations

Branches:
Dungeon (3/15) Zot: 1720

Altars:


Innate Abilities, Weirdness & Mutations

You passively map a small area around you.
You are easily found by Zot.
You glow in the dark.
You regain HP and MP as you explore.


Message History

You are very lightly contaminated with residual magic.
Nothing appears to happen.
You now have 4/5 mp.
Casting: Foxfire (safe; 7% risk of failure)
Confirm with . or Enter, or press ? or * to list all spells.
You conjure some foxfire!
The foxfire hits the orc but does no damage.
You now have 3/5 mp.
You hit the orc but do no damage.
Your foxfire dissipates!
Your magical contamination has completely faded away.
The orc attacks as you move away! The orc closely misses you.
The orc attacks as you move away! The orc hits you with a +0 hand axe.
You see here a +0 ring mail.
You take 2 damage, and have 12/14 hp.
Casting: Foxfire (safe; 7% risk of failure)
Confirm with . or Enter, or press ? or * to list all spells.
You conjure some foxfire!
The orc hits you with a +0 hand axe. The orc closely misses your foxfire.
The orc hits your foxfire with a +0 hand axe.
You take 1 damage, and have 11/14 hp.
You now have 3/5 mp.
You hit the orc but do no damage.
The foxfire hits the orc but does no damage. x2
The orc hits you with a +0 hand axe.
You take 3 damage, and have 8/14 hp.
MASSIVE DAMAGE!!
Casting: Foxfire (safe; 7% risk of failure)
Confirm with . or Enter, or press ? or * to list all spells.
You conjure some foxfire!
The orc barely misses you.
The orc hits your foxfire with a +0 hand axe. x2
You now have 2/5 mp.
You hit the orc but do no damage.
The foxfire hits the orc but does no damage. x2
The orc hits you with a +0 hand axe.
You take 1 damage, and have 7/14 hp.
Casting: Foxfire (safe; 7% risk of failure)
Confirm with . or Enter, or press ? or * to list all spells.
You conjure some foxfire!
The orc hits you with a +0 hand axe!
Ouch! That really hurt!
You die...

* , ** * , ,,, , *
*, * , * * , ,,,,
, ** ### * * #.#
#.#.############v#
#.............[o@#
#.#.############v#
* #.# #.# #.# #.#
#.# ###########.#
#<..........#


You could see an orc (ally target).

Vanquished Creatures (others)
  4 foxfires (D:3)
4 creatures vanquished.

Notes
Turn   | Place    | Note
-------+----------+-------------------------------------------
     0 | D:1      | Ofeo the Meteoran Fire Elementalist began the quest for the
                  | Orb.
     0 | D:1      | Reached XP level 1. HP: 14/14 MP: 5/5
    79 | D:3      | Slain by an orc

Illustrated notes

Levels and vault maps discovered:
D:1:      psy_arrival_spokes, layout_loops_corners,
          shapermc_ecumenical_altar_rom_forum, minmay_tetromino_i4
D:2:      layout_basic, minmay_misc_feat_secret_circle, uniq_crazy_yiuf_cottage,
          uniq_terence
D:3:      layout_basic, nicolae_vehumet_radiance,
          nicolae_tso_swordbearing_angel, nicolae_qazlal_style_of_elements

Action                   || total
-------------------------++-------
Melee: Unarmed           ||     3
 Cast: Foxfire           ||     4
Dodge: Dodged            ||     2
